 Crawl Stoat Soup version 0.23-ish-327-95-g181beea39d (console) character file.

2766 ceb the Purveyor of Pain (level 9, -6/54 HPs)
             Began as a Faerie Dragon Necromancer on Apr 5, 2024.
             Was an Initiate of Kikubaaqudgha.
             Mangled by a wight
             ... wielding a +1 battleaxe of draining
              (13 damage)
             ... on level 6 of the Dungeon on Apr 9, 2024.
             The game lasted 00:17:46 (8357 turns).

ceb the Purveyor of Pain (FDNe)                     Turns: 8357, Time: 00:17:47

Health: -6/54      AC: 10    Str:  6    XL:     9   Next: 69%
Magic:  19/19      EV: 13    Int: 25    God:    Kikubaaqudgha [......]
Gold:   328        SH:  6    Dex: 10    Spells: 13/21 levels left

rFire    . . .     SeeInvis .   a - +3 short sword (flame)
rCold    . . .     Gourm    .   (shield restricted)
rNeg     . . .     Faith    .   (armour unavailable)
rPois    .         Spirit   .   (helmet restricted)
rElec    .         Warding  .   v - +1 cloak
rCorr    .         Reflect  .   f - +0 pair of gloves
MR       ++...     Harm     .   q - +0 pair of boots Stlth ..........Rnd*Rage +
                                (no amulet)
HPRegen  0.18/turn              (no ring)
MPRegen  0.16/turn              (no ring)

@: flying, extremely drained
A: small, sparkly, unfitting armour, talons 1, berserk 1, clever 1, clumsy 1,
frail 1, magic resistance 2, evolution 1, no potion heal 1, magic attunement,
magical scales, able to fly
a: Stop Flying, Renounce Religion


You were on level 6 of the Dungeon.
You worshipped Kikubaaqudgha.
Kikubaaqudgha was noncommittal.
You were not hungry.

You visited 2 branches of the dungeon, and saw 8 of its levels.

You collected 328 gold pieces.

Inventory:

Hand Weapons
 a - a +3 short sword of flaming (weapon)
 l - a +0 trident
 n - a cursed +4 scimitar
Armour
 f - a +0 pair of gloves (worn)
 q - a +0 pair of boots (worn)
 v - a +1 cloak (worn)
Jewellery
 p - a cursed -3 ring of strength {unknown}
Wands
 r - a wand of digging (10 charges)
Scrolls
 e - 3 scrolls of remove curse {unknown}
 h - 3 scrolls of teleportation {unknown}
 j - 5 scrolls of amnesia {unknown}
 k - 4 scrolls of enchant weapon {unknown}
 o - 4 scrolls of fear {unknown}
 s - 3 scrolls of magic mapping
 u - a scroll of blinking
 x - a scroll of immolation {unknown}
Potions
 b - 2 potions of lignification
 d - 2 potions of invisibility
 i - a potion of curing
 m - 2 potions of flight
 t - a potion of mutation
 w - a potion of might
Comestibles
 c - 9 bread rations
 g - 6 meat rations
 z - 2 chunks of flesh


   Skills:
 * Level 5.1(0.0) Fighting
 + Level 0.7(0.0) Short Blades
 + Level 6.7(1.0) Dodging
 - Level 1.2(0.0) Stealth
 + Level 6.7(1.1) Spellcasting
 * Level 10.8(4.6) Necromancy


You had 13 spell levels left.
You knew the following spells:

 Your Spells              Type           Power        Failure   Level  Hunger
a - Necrotise             Necr           24/25        1%          1    None
b - Animate Dead          Necr           N/A          19%         4    None
c - Vampiric Draining     Necr           24/200       5%          3    None

Your spell library contained the following spells:

 Spells                   Type           Power        Failure   Level  Hunger
 Regeneration             Chrm/Necr      12/200       43%         4    None


Dungeon Overview and Level Annotations

Branches:
Dungeon (7/15)             Temple (1/1) D:7

Altars:
Ashenzari
Cheibriados
Dithmenos
Elyvilon
Fedhas Ihp'ix
Kikubaaqudgha
Makhleb
Nemelex Xobeh
Okawaru
Ru
Sif Muna
Trog
Uskayaw
Vehumet
Wu Jian
Xom
Yredelemnul
Zin
The Shining One


Innate Abilities, Weirdness & Mutations

Your sparkly wings attract attention (Stealth-).
You are small and have problems with some larger weapons.
You cannot fit into any form of body armour.
Your spells do not cause hunger; their MP costs are reduced by 1.
Your shimmering scales repel attacks (AC +6, SH +6).
You can fly continuously.
You have sharp toenails.
You tend to lose your temper in combat.
Your mind is acute. (Int +2)
You are clumsy. (Dex -2)
You are frail. (-10% HP)
You are highly resistant to hostile enchantments. (MR++)
You evolve.
Potions are less effective at restoring your health.


Message History

Your orc skeleton hits the wight with a flail!
You closely miss the wight.
The wight is moderately damaged.
You block the wight's attack.
You hit the wight. You burn the wight.
The wight is severely damaged.
The wight closely misses you.
Your orc skeleton closely misses the wight.
You hit the wight but do no damage.
The wight is severely damaged.
The wight hits you with a battleaxe of draining!
* * * LOW HITPOINT WARNING * * *
You feel drained.
* * * LOW HITPOINT WARNING * * *
Your orc skeleton closely misses the wight.
Your system partially rejects the healing.
You feel better.
The wight hits you with a battleaxe of draining!
You die...
Kikubaaqudgha rasps: "You have failed me!
Welcome... death!"

#....# #...###### #.#
#....# #....zz@.# #.#
#....#####...Z###.# #.#
.............Z>##[# #.#
#.#'#.#######'###'####.#
#.#.#.# #.............#
#.#.#.# #.............#
#.#.#.# #.............#
..#.#.# #.............#
###.#.# #.............#
# #.#.####.............#
# #.#....#.............#
# #.#..................#
# #.#..................#
# #.#..................#
###.#.....###'###+####.#
#.........+.......#
#.##########


You could see 2 wights and a friendly orc skeleton.

Vanquished Creatures
  Pikel (D:4)
  Eustachio (D:6)
  2 sky beasts
  An ice beast (D:6)
  4 ogres
  2 centaurs
  A phantom (D:4)
  A big kobold (D:6)
  A bullfrog (D:5)
  8 wights
  A goliath beetle (D:7)
  3 hounds
  2 orc priests (D:4)
  Crazy Yiuf (D:4)
  4 orc wizards
  4 iguanas
  5 worker ants
  Robin (D:2)
  3 gnolls (D:4)
  4 adders
  A shadow imp (D:7)
  2 ufetubi (D:5)
  An adder zombie (D:5)
  3 worms
  3 dart slugs
  6 leopard geckos
  9 orcs
  5 giant cockroaches
  17 goblins
  17 hobgoblins
  10 jackals
  3 weasels
  5 bats
  3 frilled lizards
  A jackal skeleton (D:7)
  10 kobolds
  A leopard gecko skeleton (D:4)
  A leopard gecko zombie (D:5)
  7 rats
155 creatures vanquished.

Vanquished Creatures (collateral kills)
  A bullfrog (D:7)
  A goliath beetle (D:6)
  An orc wizard (D:5)
  A worker ant (D:4)
  A gnoll (D:4)
  An ufetubus (D:5)
  2 orcs
  A ball python (D:4)
  A bat (D:1)
  A kobold (D:6)
11 creatures vanquished.

Vanquished Creatures (others)
  4 slaves (D:4)
  Blork the orc (D:4)
  A wight (D:4)
  An orc priest (D:4)
  5 orcs (D:4)
12 creatures vanquished.

Grand Total: 178 creatures vanquished

Notes
Turn   | Place    | Note
-------+----------+-------------------------------------------
     0 | D:1      | ceb the Faerie Dragon Necromancer began the quest for the
                  | Orb.
     0 | D:1      | Reached XP level 1. HP: 11/11 MP: 3/3
   168 | D:1      | Reached skill level 5 in Necromancy
   168 | D:1      | Reached XP level 2. HP: 17/17 MP: 5/5
   492 | D:1      | Reached XP level 3. HP: 22/22 MP: 7/7
   818 | D:2      | Displaced on stairs
   994 | D:2      | Noticed Robin
  1042 | D:1      | Reached skill level 1 in Fighting
  1048 | D:1      | Reached XP level 4. HP: 15/28 MP: 8/8
  1190 | D:1      | Upgraded the game from 0.23-ish-327-92-g4e138c7aa0 to
                  | 0.23-ish-327-95-g181beea39d
  1211 | D:2      | Killed Robin
  1221 | D:2      | Learned a level 4 spell: Animate Dead
  1225 | D:2      | Learned a level 3 spell: Vampiric Draining
  1444 | D:2      | Found a sparkling altar of Nemelex Xobeh.
  1619 | D:3      | Found a blossoming altar of Fedhas.
  1778 | D:3      | Noticed an ogre
  1790 | D:3      | Killed an ogre
  1790 | D:3      | Reached skill level 6 in Necromancy
  1790 | D:3      | Reached XP level 5. HP: 24/34 MP: 10/10
  1884 | D:3      | Found a hide-covered altar of Uskayaw.
  1884 | D:3      | Noticed a hand axe
  1884 | D:3      | Noticed a dagger
  2092 | D:3      | Found a shattered altar of Ashenzari.
  2191 | D:3      | Found an iron altar of Okawaru.
  2431 | D:4      | Found a basalt altar of Yredelemnul.
  2479 | D:4      | Found a sacrificial altar of Ru.
  2504 | D:4      | Noticed Pikel
  2504 | D:4      | Noticed a slave
  2504 | D:4      | Noticed a slave
  2504 | D:4      | Noticed a slave
  2505 | D:4      | Noticed a slave
  2520 | D:4      | Killed Pikel
  2520 | D:4      | Reached skill level 7 in Necromancy
  2520 | D:4      | Reached XP level 6. HP: 21/41 MP: 0/12
  2520 | D:4      | Reached XP level 7. HP: 23/45 MP: 0/13
  2746 | D:4      | HP: 2/46 [orc priest/divine providence (8)]
  2785 | D:4      | Killed Blork the orc
  2880 | D:4      | Reached skill level 8 in Necromancy
  3340 | D:4      | Reached XP level 8. HP: 41/52 MP: 15/15
  3357 | D:4      | Reached skill level 5 in Spellcasting
  3358 | D:4      | Found a snail-covered altar of Cheibriados.
  3381 | D:4      | Reached skill level 5 in Dodging
  3762 | D:4      | Found a runed door.
  4389 | D:4      | Noticed Crazy Yiuf
  4393 | D:4      | Killed Crazy Yiuf
  4393 | D:4      | Reached skill level 9 in Necromancy
  4444 | D:5      | Entered Level 5 of the Dungeon
  4520 | D:5      | Found a radiant altar of Vehumet.
  4908 | D:5      | Found a shimmering altar of Xom.
  5351 | D:6      | Noticed Eustachio
  5360 | D:6      | Killed Eustachio
  5360 | D:6      | Reached XP level 9. HP: 52/58 MP: 14/18
  5478 | D:6      | Reached skill level 10 in Necromancy
  5626 | D:6      | Found a glowing silver altar of Zin.
  5775 | D:6      | Gained mutation: You have sharp toenails. [mutagenic meat]
  5776 | D:6      | Gained mutation: You tend to lose your temper in combat.
                  | [mutagenic meat]
  5777 | D:6      | Gained mutation: Potions are less effective at restoring
                  | your health. [mutagenic meat]
  5778 | D:6      | Gained mutation: You evolve. [mutagenic meat]
  6171 | D:6      | Found a deep blue altar of Sif Muna.
  6299 | D:6      | Gained mutation: You are resistant to hostile enchantments.
                  | (MR+) [evolution]
  6666 | D:4      | HP: 2/59 [wight/short sword of draining (1)]
  7310 | D:7      | Found a staircase to the Ecumenical Temple.
  7319 | Temple   | Entered the Ecumenical Temple
  7603 | Temple   | Became a worshipper of Kikubaaqudgha
  7807 | D:7      | Reached skill level 5 in Fighting
  7896 | D:7      | Gained mutation: Your mind is acute. (Int +2) [mutagenic
                  | meat]
  7897 | D:7      | Gained mutation: You are clumsy. (Dex -2) [mutagenic meat]
  7898 | D:7      | Gained mutation: You are highly resistant to hostile
                  | enchantments. (MR++) [mutagenic meat]
  7899 | D:7      | Gained mutation: You are frail. (-10% HP) [mutagenic meat]
  8034 | D:6      | HP: 4/81 [wight/enchanted battleaxe (6)]
  8356 | D:6      | HP: 2/54 [wight/battleaxe of draining (3)]
  8357 | D:6      | Mangled by a wight

Vault maps used:
D:1:      saegor_arrival_under_anarchy
D:2:      nemelex_altar_shiori, nicolae_overflow_hidden_temple, uniq_robin,
          uniq_jessica
D:3:      lemuel_coloured_pillars_altar, marbit_many_paths,
          dancing_weapons_uskayaw, overflow_temple_1_default
D:4:      kennysheep_little_box, nicolae_ru_sacrificial_ziggurat, first_bread,
          grunt_ministairs_2, kennysheep_slug_shrine, uniq_pikel,
          uniq_crazy_yiuf_cottage, uniq_blork_the_orc
D:5:      kennysheep_mini, lemuel_round_altar
D:6:      lemuel_blue_sif_altar, basic_altar, uniq_eustachio
D:7:      minmay_bubble_buster, zin_purify, temple_pool_b, serial_shops, shop
Temple:   compressed_dpeg_triangle_lava_temple

Skill      XL: |  1  2  3  4  5  6  7  8  9 |
---------------+----------------------------+-----
Necromancy     | 5 6 7 8 9 10 | 10.8
Spellcasting   | 3 4 6 |  6.7
Fighting       | 1 2 3 4 5 |  5.1
Dodging        | 3 4 5 6 |  6.7
Short Blades   | |  0.7
Stealth        | |  1.2

Action                   |  1- 3 |  4- 6 |  7- 9 || total
-------------------------+-------+-------+-------++-------
Melee: Short sword       |     2 |       |   128 ||   130
 Cast: Necrotise         |    81 |    78 |   213 ||   372
       Vampiric Draining |       |     4 |     9 ||    13
       Animate Dead      |       |       |     8 ||     8
  Use: Scroll            |       |       |     9 ||     9
       Potion            |       |       |     5 ||     5
  Eat: Chunk             |       |     5 |    16 ||    21
       Bread ration      |       |       |     2 ||     2
       Fruit             |       |       |     1 ||     1
Armor: Skin              |    11 |    10 |    51 ||    72
Dodge: Dodged            |    28 |    34 |   134 ||   196
Block: Other             |    11 |    14 |    70 ||    95

Table legend:
 A = Spawn XP
 B = Non-spawn XP
 C = Spawn XP percentage of total XP
 D = Spawn monster count
 E = Non-spawn monster count
 F = Spawn count percentage of total count
 G = Total turns spent on level
                    A         B        C        D         E        F      G
               +---------+---------+-------+---------+---------+-------+---------
         Total |     879 |    3073 |  22.2 |      33 |     133 |  19.9 |  8357
               +---------+---------+-------+---------+---------+-------+---------
           D:1 |       5 |      49 |   9.3 |       3 |      27 |  10.0 |   972
           D:2 |       2 |      78 |   2.5 |       1 |      31 |   3.1 |   631
           D:3 |       5 |     143 |   3.4 |       3 |      12 |  20.0 |   611
           D:4 |     607 |    1024 |  37.2 |      19 |      16 |  54.3 |  2797
           D:5 |      14 |     453 |   3.0 |       2 |      15 |  11.8 |   836
           D:6 |     233 |     944 |  19.8 |       4 |      22 |  15.4 |  1803
           D:7 |      13 |     382 |   3.3 |       1 |      10 |   9.1 |   415
               +---------+---------+-------+---------+---------+-------+---------
